Match 46074619
Unlisted

Match 46074619
End
Selects Italian Combined Arms Battlegroup
Selects Bersaglieri Squad
Bersaglieri Squad
Kradschützen Motorcycle Team
Bersaglieri Squad
Bersaglieri Squad
Construct Light Support Kompanie
Fire Support Elements
Construct Mechanized Kompanie
Panzerjäger Mechanized Group
StuG III D Assault Gun
StuG III D Assault Gun
Selects Bersaglieri Bolster
Selects Breda Model 30 Light Machine Guns
Vehicle Survival Package
Construct Panzerarmee Kommand
Armored Reserves
Emergency Repair Kits
Selects Semovente da 75/18 Assault Gun
Selects Strafing Run
Strafing Run
Tiger Heavy Tank
Selects Artillery Cover
Artillery Cover
FeriG
Tonimontana
0
0

Comments sign in to comment!

No comments posted yet!